 Dungeon Crawl Stone Soup version 0.29.0-4-gdea44cf6ec (webtiles) character file.

Game seed: 9645785419701134918

69 qw the Chopper (level 4, -6/26 HPs)
             Began as a Tengu Warper on Aug 28, 2022.
             Killed by divine providence
             ... invoked by an orc priest
              (15 damage)
             ... on level 3 of the Dungeon.
             The game lasted 00:00:10 (1735 turns).

qw the Chopper (Tengu Warper)                       Turns: 1735, Time: 00:00:10

Health: -6/26      AC: 10    Str: 14    XL:     4   Next: 20%
Magic:  8/8        EV: 13    Int: 13    God:
Gold:   84         SH:  4    Dex: 13    Spells: 7/7 levels left

rFire   . . .      SeeInvis .   Y - +0 hand axe
rCold   . . .      Faith    .   h - +0 buckler
rNeg    . . .      Spirit   .   g - +0 scale mail
rPois   .          Reflect  .   (helmet restricted)
rElec   .          Harm     .   (no cloak)
rCorr   .          Rampage  .   (no gloves)
Will    .....                   (boots unavailable)
Stlth   ..........              (no amulet)
HPRegen 0.08/turn               k - +4 ring of protection
MPRegen 0.11/turn               p - +4 ring of evasion

@: no status effects
A: beak, talons 3
a: no special abilities


You were on level 3 of the Dungeon.
You visited 1 branch of the dungeon, and saw 3 of its levels.

You collected 84 gold pieces.


Innate Abilities, Weirdness & Mutations

You have a beak for a mouth.
You have claws for feet.


   Skills:
 - Level 2.0 Fighting
 + Level 4.5 Axes
 - Level 1.0 Throwing
 - Level 1.1 Armour
 - Level 2.1 Dodging
 - Level 1.1 Shields
 - Level 2.0 Spellcasting
 - Level 2.4 Translocations


You had 7 spell levels left.
You didn't know any spells.
Your spell library contained the following spells:

 Spells                   Type           Power      Damage    Failure   Level
 Blink                    Tloc           14%        N/A       65%         2
 Gell's Gravitas          Tloc           7%         N/A       86%         3
 Lesser Beckoning         Tloc           7%         N/A       86%         3
 Teleport Other           Tloc           7%         N/A       86%         3
 Manifold Assault         Tloc           7%         N/A       100%        5

Inventory:

Hand Weapons
 l - a +0 whip
 Y - a +0 hand axe (weapon)
Missiles
 f - 2 boomerangs (quivered)
Armour
 g - a +0 scale mail (worn)
 h - a +0 buckler (worn)
Jewellery
 k - a +4 ring of protection (left hand)
 n - a ring of protection from fire
 p - a +4 ring of evasion (right hand)
Scrolls
 q - a scroll of teleportation
Potions
 d - a potion of resistance {unknown}
 e - a potion of curing
 j - a potion of lignification {unknown}

Dungeon Overview and Level Annotations

Branches:
Dungeon (3/15)

Altars:

Shops:
D:2 (


Message History

You closely miss something. You peck something.
Something hits you but does no damage. The orc hits you but does no damage.
You hit something but do no damage. Your kick misses something.
Something hits you but does no damage. The orc closely misses you.
The orc misses you. Something hits you but does no damage.
You hit something. You peck something. Something hits you.
The orc hits you but does no damage.
You closely miss something. Your kick misses something. You peck something.
You hear some strange, mumbled words.
A magic dart appears from out of thin air!
The magic dart hits you. The orc barely misses you.
You hit something.
Reactivating autopickup.
You feel a bit more experienced. The orc closely misses you.
Your Axes skill increases to level 4!
You have reached level 4!
You feel stronger. The orc completely misses you.
Things that are here:
a +0 dagger; a +0 robe You hit the orc.
The orc is heavily wounded.
The orc hits you but does no damage.
You hit the orc.
You kill the orc!
You barely miss the adder. The adder closely misses you. The adder bites you.
You miss the adder. You claw the adder, but do no damage. You peck the adder.
The adder is lightly wounded.
You block the adder's attack.
You hit the adder.
The adder is lightly wounded.
The adder bites you but does no damage. x2
You closely miss the adder. Your peck misses the adder.
The adder is lightly wounded.
The adder misses you.
The orc priest invokes the aid of Beogh against you.
Beogh smites you!
Ouch! That really hurt!
You die...

#.#
###############
#.# ..
#.#####.#### ##.
#...........
....####.#######
#.............
######..########
+..............
##....@########
#.....So.....
#.....###....
#.....# ..
#...[.# #.....#
...##.# ...! #.#


You could see an orc priest and an adder.

Vanquished Creatures
  An orc wizard (D:3)
  2 worms
  An orc (D:3)
  5 bats
  5 endoplasms (D:1)
  2 giant cockroaches (D:1)
  2 goblins
  4 jackals (D:2)
  4 kobolds
  2 quokkas
  3 frilled lizards
  3 rats
34 creatures vanquished.

Notes
Turn   | Place    | Note
-------+----------+-------------------------------------------
     0 | D:1      | qw the Tengu Warper began the quest for the Orb.
     0 | D:1      | Reached XP level 1. HP: 12/12 MP: 4/4
     0 | D:1      | 0 ||| qw: Version: 0.1-a-89-g26bdef1
     0 | D:1      | 0 ||| qw: Game counter: 3216
     0 | D:1      | 0 ||| qw: Always use a shield: true
     0 | D:1      | 0 ||| qw: God list: Okawaru
     0 | D:1      | 0 ||| qw: Allow faded altars: false
     0 | D:1      | 0 ||| qw: Do Orc after D:15 true
     0 | D:1      | 0 ||| qw: Do second Lair branch before Depths: true
     0 | D:1      | 0 ||| qw: Lair rune preference: random
     0 | D:1      | 0 ||| qw: Plans: Normal
     0 | D:1      | 0 ||| PLANNING D:1-11
   192 | D:1      | Reached XP level 2. HP: 17/17 MP: 6/6
   198 | D:1      | Reached skill level 3 in Axes
   272 | D:1      | 272 ||| Stepping ~*~*~tactically~*~*~ (stealth).
   762 | D:1      | 762 ||| UPGRADING to +0 scale mail.
   772 | D:1      | 772 ||| DROPPING +0 leather armour.
   773 | D:1      | 773 ||| UPGRADING to +0 buckler.
   778 | D:1      | 778 ||| UPGRADING to +4 ring of protection.
   779 | D:1      | 779 ||| READING 3 scrolls labelled ZUVVEJ HUPN.
   780 | D:1      | 780 ||| READING scroll labelled EVOARA ALEANAGG.
   784 | D:1      | 784 ||| DROPPING 2 scrolls of immolation.
   785 | D:1      | 785 ||| DROPPING scroll of blinking.
   843 | D:2      | Identified the +1 dagger "Impbane" {freeze, rElec}
   941 | D:2      | Found Jysym's Weapon Shoppe.
   947 | D:2      | 947 ||| SHOPLISTING +4 hand axe of freezing (383 gold, have
                  | 48).
   947 | D:2      | 947 ||| SHOPLISTING +8 hand axe "Fomo" {freeze, Str+3} (821
                  | gold, have 48).
  1087 | D:2      | Reached XP level 3. HP: 21/21 MP: 7/7
  1118 | D:2      | Reached skill level 1 in Shields
  1604 | D:2      | 1604 ||| UPGRADING to ring of protection from cold.
  1605 | D:2      | 1605 ||| UPGRADING to +4 ring of evasion.
  1607 | D:2      | 1607 ||| DROPPING ring of protection from cold.
  1608 | D:2      | 1608 ||| READING scroll labelled HYGADA IMUT.
  1609 | D:2      | 1609 ||| READING scroll labelled FYECUA XIVIOFF.
  1610 | D:2      | 1610 ||| READING 2 scrolls labelled SICROU SEROREMM.
  1611 | D:2      | 1611 ||| READING scroll labelled HETHRU WONY.
  1612 | D:2      | 1612 ||| READING 2 scrolls labelled OCVISOUSKE.
  1613 | D:2      | 1613 ||| DRINKING 2 bubbling green potions.
  1614 | D:2      | 1614 ||| DROPPING scroll of vulnerability.
  1615 | D:2      | 1615 ||| DROPPING scroll of noise.
  1616 | D:2      | 1616 ||| READING 2 scrolls of teleportation.
  1711 | D:3      | 1711 ||| Stepping ~*~*~tactically~*~*~ (hiding).
  1715 | D:3      | 1715 ||| Stepping ~*~*~tactically~*~*~ (hiding).
  1729 | D:3      | Reached skill level 4 in Axes
  1729 | D:3      | Reached XP level 4. HP: 9/26 MP: 8/8
  1735 | D:3      | Killed from afar by an orc priest

Levels and vault maps discovered:
D:1:      dpeg_arrival_central, layout_basic, hangedman_decor_peaks_small,
          minmay_tromino_v4_a
D:2:      layout_loops_corners, serial_shops, shop_fountains
D:3:      layout_basic, serial_shops, shop, moated_statue,
          nicolae_elevator_lobby_asterisk, uniq_terence

Skill      XL: |  1  2  3 |
---------------+----------+-----
Axes           | 3 4 |  4.5
Shields        | 1 |  1.1
Fighting       | |  2.0
Throwing       | |  1.0
Armour         | |  1.1
Dodging        | |  2.1
Spellcasting   | |  2.0
Translocations | |  2.4

Action                   |  1- 3 |  4- 6 || total
-------------------------+-------+-------++-------
Melee: Hand axe          |    66 |     6 ||    72
       Kick              |    17 |     1 ||    18
       Peck              |    14 |     1 ||    15
Throw: Boomerang         |    39 |       ||    39
  Use: Scroll            |     8 |       ||     8
       Potion            |     1 |       ||     1
Armor: Leather armour    |     8 |       ||     8
       Scale mail        |    34 |     3 ||    37
Dodge: Dodged            |    28 |     3 ||    31
Block: Buckler           |     9 |     1 ||    10

Table legend:
 A = Non-vault XP
 B = Vault XP
 C = Vault XP percentage of total XP
 D = Non-vault monster count
 E = Vault monster count
 F = Vault count percentage of total count
                 A         B        C        D         E       F
            +---------+---------+-------+---------+---------+-------
      Total |      95 |       4 |   4.0 |      32 |       2 |   5.9
            +---------+---------+-------+---------+---------+-------
        D:1 |      23 |       4 |  14.8 |      14 |       2 |  12.5
        D:2 |      27 |       0 |   0.0 |      15 |       0 |   0.0
        D:3 |      45 |       0 |   0.0 |       3 |       0 |   0.0
            +---------+---------+-------+---------+---------+-------
